 Dungeon Crawl Stone Soup version 0.15.2 (webtiles) character file.

588381 Huymann the Imperceptible (level 26, -5/174 (180) HPs)
             Began as a High Elf Wizard on Feb 28, 2015.
             Was the Champion of Ashenzari.
             Killed by divine providence
             ... invoked by a sphinx
              (12 damage)
             ... on Level 1 of the Tomb of the Ancients on Mar 8, 2015.
             The game lasted 22:29:42 (103099 turns).

Huymann the Imperceptible (High Elf Wizard)       Turns: 103099, Time: 22:29:42

HP  -5/174 (180) AC 24     Str 13      XL: 26   Next: 14%
MP  33/47        EV 39     Int 30      God: Ashenzari [******]
Gold 3471        SH 17     Dex 29      Spells: 18 memorised,  4 levels left

rFire  + + +     SeeInvis +     W - +4 dagger "Morg" {pain, MR+ Int+5}
rCold  + + +     Clarity  +     x - +2 robe {rN+} (curse)
rNeg   + + +     rCorr    .     K - +2 shield {rC+ rF+} (curse)
rPois  +         rRot     .     t - -2 helmet of Trog's Generosity {rPois rF+ rC++ MR+}
rElec  .         Spirit   .     i - +2 cloak (curse)
SustAb .         Warding  +     k - +2 pair of gloves {Dex+3} (curse)
rMut   .         Stasis   .     w - +2 pair of boots {run} (curse)
Gourm  .                        B - cursed brooch of Shielding {Ward rN+ AC+4 EV+4}
MR     ++++.                    N - cursed ring "Xuh Osull" {rF+ AC+5 Dex+3 Slay+4}
                                r - cursed ring of Schiu {rF+ rN+ Str+2 Dex+3}

@: very slightly contaminated, hasted, very quick, incredibly resistant to
hostile enchantments, incredibly stealthy
A: no striking features
a: Scrying, Transfer Knowledge, Renounce Religion
}: 3/15 runes: barnacled, silver, gossamer


You were on level 1 of the Tomb of the Ancients.
You worshipped Ashenzari.
Ashenzari was exalted by your worship.
You were not hungry.

You visited 13 branches of the dungeon, and saw 57 of its levels.
You visited 1 bazaar.
You also visited: Labyrinth and Ice Cave.

You collected 9422 gold pieces.
You spent 5951 gold pieces at shops.

Inventory:

Hand weapons
 W - the cursed +4 dagger "Morg" (weapon) {pain, MR+ Int+5}
   (You bought it in a shop on level 12 of the Dungeon)

   In the hands of one skilled in necromantic magic, it inflicts extra damage on
   living creatures.
   It affects your intelligence (+5).
   It affects your resistance to hostile enchantments.
   It has a curse placed upon it.
Armour
 i - a cursed +2 cloak (worn)
 k - a cursed +2 pair of gloves of dexterity (worn)
 t - the cursed -2 helmet of Trog's Generosity (worn) {rPois rF+ rC++ MR+}
   (You acquired it on level 5 of the Vaults)

   It protects you from fire.
   It greatly protects you from cold.
   It protects you from poison.
   It affects your resistance to hostile enchantments.
   It has a curse placed upon it.
 w - a cursed +2 pair of boots of running (worn)
 x - a cursed +2 robe of positive energy (worn)
 K - a cursed +2 shield of resistance (worn)
Magical devices
 f - a wand of disintegration (14)
 h - a wand of teleportation (2)
 C - a wand of digging (14)
 L - a wand of heal wounds (0)
Comestibles
 o - 33 bread rations
 p - 32 meat rations
 R - 5 fruits
Scrolls
 b - a scroll of silence
 l - a scroll of enchant armour
 u - 12 scrolls of amnesia
 y - 2 scrolls of fog
 F - 2 scrolls of curse jewellery
 G - 3 scrolls of curse armour
 I - 11 scrolls of teleportation
 Q - 8 scrolls of remove curse
 U - a scroll of summoning
 Z - a scroll of holy word
Jewellery
 r - the cursed ring of Schiu (left hand) {rF+ rN+ Str+2 Dex+3}
   (You took it off a deep elf demonologist on level 3 of the Elven Halls)

   [ring of positive energy]

   It affects your strength (+2).
   It affects your dexterity (+3).
   It protects you from fire.
   It protects you from negative energy.
   It has a curse placed upon it.
 B - the cursed brooch of Shielding (around neck) {Ward rN+ AC+4 EV+4}
   (You found it on level 1 of the Depths)

   [amulet of warding]

   It may prevent the melee attacks of summoned creatures.
   It affects your AC (+4).
   It affects your evasion (+4).
   It protects you from negative energy.
   It has a curse placed upon it.
 N - the cursed ring "Xuh Osull" (right hand) {rF+ AC+5 Dex+3 Slay+4}
   (You found it on level 6 of the Dungeon)

   [ring of protection]

   It affects your AC (+5).
   It affects your dexterity (+3).
   It affects your accuracy and damage with ranged weapons and melee attacks
   (+4).
   It protects you from fire.
   It has a curse placed upon it.
Potions
 v - 5 potions of might
 z - 10 potions of brilliance
 E - 2 potions of resistance
 H - a potion of cancellation
 J - 6 potions of agility
 M - 3 potions of curing
 O - 2 potions of haste
 P - 4 potions of porridge
 Y - 4 potions of restore abilities
Books
 a - a book of the Warp

   Spells                             Type                      Level
   *Control Teleport                  Charms/Translocation         4
   Phase Shift                        Translocation                5
   Warp Weapon                        Charms/Translocation         5
   Dispersal                          Translocation                6
   Controlled Blink                   Translocation                7
   Disjunction                        Translocation                8
 c - a book of Minor Magic

   Spells                             Type                      Level
   *Magic Dart                        Conjuration                  1
   *Blink                             Translocation                2
   *Call Imp                          Summoning                    2
   *Repel Missiles                    Charms/Air                   2
   *Slow                              Hexes                        2
   *Conjure Flame                     Conjuration/Fire             3
   *Mephitic Cloud                    Conjuration/Poison/Air       3
 d - a book of the Dragon

   Spells                             Type                      Level
   *Flight                            Charms/Air                   3
   Cause Fear                         Hexes                        4
   Bolt of Fire                       Conjuration/Fire             6
   Dragon Form                        Transmutation                7
   Dragon's Call                      Summoning                    9
 g - a book of Fire

   Spells                             Type                      Level
   Ignite Poison                      Fire/Transmutation           5
   *Fireball                          Conjuration/Fire             5
   Bolt of Fire                       Conjuration/Fire             6
   Delayed Fireball                   Conjuration/Fire             7
   Ring of Flames                     Charms/Fire                  7
 j - a book of Spatial Translocations

   Spells                             Type                      Level
   Apportation                        Translocation                1
   *Blink                             Translocation                2
   Shroud of Golubria                 Charms/Translocation         2
   Portal Projectile                  Translocation                3
   Teleport Other                     Translocation                3
   Passage of Golubria                Translocation                4
 m - a book of Clouds

   Spells                             Type                      Level
   *Mephitic Cloud                    Conjuration/Poison/Air       3
   *Conjure Flame                     Conjuration/Fire             3
   Poisonous Cloud                    Conjuration/Poison/Air       6
   *Freezing Cloud                    Conjuration/Ice/Air          6
   Ring of Flames                     Charms/Fire                  7
 n - a book of Wizardry

   Spells                             Type                      Level
   Agony                              Necromancy                   5
   Force Lance                        Conjuration                  5
   Dispersal                          Translocation                6
   Haste                              Charms                       6
   Invisibility                       Hexes                        6
   Spellforged Servitor               Conjuration/Summoning        7
 q - a book of Beasts

   Spells                             Type                      Level
   Summon Butterflies                 Summoning                    1
   Call Canine Familiar               Summoning                    3
   Summon Ice Beast                   Ice/Summoning                4
   Summon Mana Viper                  Hexes/Summoning              5
   Monstrous Menagerie                Summoning                    6
   Summon Hydra                       Summoning                    7
 s - the Catalogue of Displaced Moulding
   (You found it on level 3 of the Elven Halls)

   Spells                             Type                      Level
   Beastly Appendage                  Transmutation                1
   Stoneskin                          Transmutation/Earth          2
   Spider Form                        Transmutation/Poison         3
   Phase Shift                        Translocation                5
   Disjunction                        Translocation                8
 A - the Handbook of Nocuous Arcane Weapons
   (You found it on level 10 of the Dungeon)

   Spells                             Type                      Level
   *Flame Tongue                      Conjuration/Fire             1
   *Cure Poison                       Poison                       2
   *Sticky Flame                      Conjuration/Fire             4
   *Venom Bolt                        Conjuration/Poison           5
   Poisonous Cloud                    Conjuration/Poison/Air       6
 D - a book of Death

   Spells                             Type                      Level
   Corpse Rot                         Necromancy                   2
   Sublimation of Blood               Necromancy                   2
   Agony                              Necromancy                   5
   *Dispel Undead                     Necromancy                   5
   Excruciating Wounds                Charms/Necromancy            5
   Bolt of Draining                   Conjuration/Necromancy       5
 S - a book of Debilitation

   Spells                             Type                      Level
   Corona                             Hexes                        1
   *Slow                              Hexes                        2
   *Inner Flame                       Hexes/Fire                   3
   Enslavement                        Hexes                        4
   Cause Fear                         Hexes                        4
   Leda's Liquefaction                Hexes/Earth                  4
 T - a book of Frost

   Spells                             Type                      Level
   Freeze                             Ice                          1
   Throw Frost                        Conjuration/Ice              2
   Ozocubu's Armour                   Charms/Ice                   3
   Throw Icicle                       Conjuration/Ice              4
   Summon Ice Beast                   Ice/Summoning                4
   Condensation Shield                Ice                          4
 V - a book of Ice

   Spells                             Type                      Level
   Metabolic Englaciation             Hexes/Ice                    5
   Ozocubu's Refrigeration            Ice                          6
   *Bolt of Cold                      Conjuration/Ice              6
   *Freezing Cloud                    Conjuration/Ice/Air          6
   Simulacrum                         Ice/Necromancy               6
Miscellaneous
 X - a lamp of fire


   Skills:
 * Level 14.7 Fighting
 * Level 16.4(20.2) Short Blades
 + Level 1.0 Throwing
 + Level 14.6 Armour
 * Level 15.8(19.7) Dodging
 * Level 22.0(25.3) Stealth
 * Level 14.1(16.7) Shields
 * Level 19.0 Spellcasting
 + Level 15.7(19.6) Conjurations
 + Level 7.7(12.2) Hexes
 + Level 7.0(11.5) Charms
 + Level 3.9(8.1) Summonings
 * Level 6.6(11.2) Necromancy
 + Level 7.3(11.8) Translocations
 + Level 6.8(11.3) Fire Magic
 + Level 6.6(11.1) Ice Magic
 + Level 7.9(12.3) Air Magic
 + Level 5.0(9.5) Poison Magic
 * Level 12.2(16.3) Evocations


You had 4 spell levels left.
You knew the following spells:

 Your Spells              Type           Power        Failure   Level  Hunger
a - Magic Dart            Conj           ####         0%          1    None
b - Blink                 Tloc           N/A          0%          2    None
c - Call Imp              Summ           ######..     1%          2    None
d - Mephitic Cloud        Conj/Pois/Air  #######.     0%          3    None
e - Conjure Flame         Conj/Fire      #######.     0%          3    None
f - Repel Missiles        Chrm/Air       ######       0%          2    None
g - Slow                  Hex            #######.     0%          2    None
h - Flame Tongue          Conj/Fire      #####        0%          1    None
i - Sticky Flame          Conj/Fire      #######.     1%          4    None
j - Venom Bolt            Conj/Pois      #######...   1%          5    None
k - Inner Flame           Hex/Fire       #######.     1%          3    None
l - Bolt of Cold          Conj/Ice       #######...   1%          6    None
m - Cure Poison           Pois           ######....   1%          2    None
n - Flight                Chrm/Air       #######...   1%          3    None
o - Freezing Cloud        Conj/Ice/Air   #######...   1%          6    None
p - Control Teleport      Chrm/Tloc      #######...   1%          4    None
q - Dispel Undead         Necr           #######.     1%          5    None
r - Fireball              Conj/Fire      #######...   1%          5    None


Dungeon Overview and Level Annotations

Branches:
Dungeon (15/15) Temple (0/1) D:4 D:6 Orc (4/4) D:11 Elf (3/3) Orc:4 Lair (8/8) D:9 Shoals (5/5) Lair:5 Spider (5/5) Lair:4 Slime (0/6) Lair:7 Vaults (5/5) D:14 Crypt (3/3) Vaults:2 Tomb (1/3) Crypt:3 Depths (5/5) D:15 Hell (1/1) Dis (1/7) Hell Geh (1/7) Hell Coc (0/7) Hell Tar (0/7) Hell Zot (0/5) Depths:5

Altars:
Ashenzari
Cheibriados
Dithmenos
Fedhas
Nemelex Xobeh
Okawaru
Trog
Xom
Yredelemnul
Beogh
Jiyva

Shops:
D:5 !   D:8 [   D:11 =   D:12 ((*((   Orc:3 %??:   Orc:4 =%}:?   Elf:2 (*:*
Shoals:1 =(   Shoals:3 (   Depths:1 (!}   Depths:2 *   Depths:3 }*

Portals:
Hell: Depths:1 Depths:2 Depths:3 Depths:4 Depths:5
Abyss: Depths:3 Depths:4 Depths:5
Pandemonium: Depths:3 Depths:4
Ziggurat: Depths:4
Trove: Depths:3 (give wand of heal wounds (8))

Annotations:
D:11 Heini's ghost, powerful MiFi


Message History

The sphinx is engulfed in roaring flames.
The sphinx mumbles some strange words.
Something smites you!
* * * LOW HITPOINT WARNING * * *
The sphinx is engulfed in roaring flames.
The sphinx casts a spell.
You resist with almost no effort.
The sphinx casts a spell.
Something smites you!
* * * LOW HITPOINT WARNING * * *
The sphinx is engulfed in roaring flames.
The sphinx mumbles some strange words.
Something smites you!
* * * LOW HITPOINT WARNING * * *
Drink which item? (? for menu, Esc to quit)
You feel yourself speed up.
You are very lightly contaminated with residual magic.
The sphinx casts a spell.
Something smites you!
You die...

#.........#* *,,,, , ,
#.........# ,,*,,,,, ,,,,
#.........# * ***** *
#.........# ,,, , ,,
#.........# , , , ,, ,,,
#.........#*** * *,
#.........# ,, , , ,,,
#.".......# { ∆{,,,,, ,,
#........@#* ***** ** **
#.........#*{,,,, ∆ ,,, ,
#.........#* ∆ ,, { , ,
#.........#* * **** ,
#.........#* ,{{, ,, , ,
#.........# ,{{,, {, ,,
#........H#** ** * *** **
#.(......H################
#..........{.{{HH.H.......


You could see 2 sphinxes.

Vanquished Creatures
  An ancient lich (Crypt:3)
  Saint Roka (Shoals:5)
  Boris (Crypt:2)
  Mara (Vaults:5)
  Geryon (Hell)
  5 Brimstone Fiends (Geh:1)
  4 golden dragons
  3 bone dragons
  10 liches
  5 tentacled monstrosities
  Asterion (Shoals:1)
  3 titans (Vaults:5)
  A deep elf blademaster (Elf:3)
  3 sphinxes
  A quicksilver dragon (Dis:1)
  A deep elf master archer (Elf:3)
  An octopode crusher (Depths:3)
  An Executioner (Dis:1)
  A kraken (Shoals:4)
  2 storm dragons (Depths:4)
  Agnes (Shoals:1)
  13 ancient champions
  Frances (Shoals:5)
  7 tengu reavers
  6 shadow dragons
  Ilsuiw (Shoals:5)
  2 revenants
  7 fire giants
  12 frost giants
  13 deep elf sorcerers
  Wiglaf (Crypt:3)
  2 iron dragons (Dis:1)
  3 ghost moths
  14 emperor scorpions
  2 balrugs
  12 vault wardens
  2 draconian zealots (Depths:5)
  9 ghouls (Crypt:3)
  Jorgrun (Shoals:2)
  8 deep elf demonologists
  2 reapers
  4 rakshasas
  22 stone giants
  5 spriggan defenders
  3 vampire knights
  12 very ugly things
  3 war gargoyles
  A green draconian (Depths:5)
  3 draconian callers (Depths:5)
  4 salamander firebrands
  7 deep elf annihilators
  A red draconian (Depths:5)
  A black draconian (Depths:5)
  A purple draconian (Depths:5)
  4 eidola
  5 minotaurs
  9 ettins
  7 merfolk javelineers
  2 dire elephants
  Snorg (Shoals:3)
  13 deep elf death magi
  30 vault guards
  9 merfolk impalers
  2 blizzard demons (Hell)
  A great orb of eyes (shapeshifter) (Vaults:1)
  20 yaktaur captains
  Josephine (Orc:2)
  5 fire dragons
  14 jiangshi
  10 hydras
  13 deep elf high priests
  16 ironheart preservers
  4 great orbs of eyes
  2 quicksilver dragon skeletons
  A spriggan air mage (Depths:4)
  A hydra (shapeshifter) (Vaults:4)
  Harold (D:10)
  8 ghost crabs
  9 ice dragons
  7 deep troll shamans
  Erica (D:13)
  An alligator snapping turtle (Shoals:5)
  3 merfolk aquamancers
  2 death knights
  The ghost of ImaNewbie the Tainter, a powerful DrVM of Yredelemnul (D:11)
  A siren (Shoals:5)
  3 dancing weapons
  A satyr (Shoals:1)
  26 death yaks
  26 ogre magi
  7 deep troll earth magi
  7 vampire magi
  10 centaur warriors
  A titan zombie (Hell)
  5 tengu warriors
  Urug (D:10)
  A storm dragon zombie (Crypt:2)
  Nergalle (D:10)
  3 orc high priests (Orc:4)
  6 hell hogs (Hell)
  8 hell knights
  A titan skeleton (Crypt:3)
  6 sun demons
  A salamander mystic (Geh:1)
  A spriggan berserker (Depths:3)
  A catoblepas (D:14)
  8 shadow wraiths
  21 deep elf knights
  A fire crab (Vaults:4)
  86 skeletal warriors
  3 ice devils
  A storm dragon skeleton (Crypt:3)
  7 soul eaters
  5 iron trolls
  An orb spider (shapeshifter) (Vaults:2)
  7 flayed ghosts
  A giant orange brain (Vaults:3)
  Erolcha (D:8)
  An anaconda zombie (Crypt:2)
  An infernal demonspawn (Depths:4)
  18 orb spiders
  27 deep trolls
  16 orc knights
  6 wizards
  7 deep elf summoners
  9 hill giants
  A death drake (shapeshifter) (Depths:2)
  3 spriggan druids (Depths:2)
  9 sea snakes
  2 ice statues (Hell)
  A golden dragon skeleton (Crypt:3)
  A silver statue (Elf:2)
  14 ironbrand convokers
  Pikel (D:4)
  2 harpies (Shoals:4)
  4 unseen horrors
  6 anaconda skeletons
  13 necromancers
  2 hellions
  7 orc sorcerers
  16 deep elf conjurers
  A sphinx zombie (Vaults:2)
  12 red wasps
  29 wolf spiders
  A fire giant zombie (Hell)
  17 manticores
  17 griffons
  A shadow dragon skeleton (Crypt:3)
  A stone giant zombie (Vaults:3)
  2 moths of wrath
  2 salamanders (Geh:1)
  2 fauns (Shoals:3)
  5 water nymphs
  2 frost giant zombies
  14 phantasmal warriors
  A sixfirhy (Orc:4)
  2 iron dragon skeletons
  17 cyclopes
  A sphinx skeleton (Crypt:2)
  53 ugly things
  A shining eye (shapeshifter) (Depths:4)
  A draconian skeleton (Dis:1)
  11 mermaids
  2 stone giant skeletons
  4 fire giant skeletons
  2 elephants (shapeshifter)
  3 frost giant skeletons
  7 black mambas
  A mermaid (shapeshifter) (Vaults:4)
  9 elephants
  3 torpor snails
  8 gargoyles
  5 iron devils
  5 fire drakes
  21 spiny frogs
  2 dire elephant skeletons (Crypt:3)
  5 kobold demonologists
  A smoke demon (Elf:3)
  13 vault sentinels
  Psyche (D:10)
  A naga mage (D:15)
  A green draconian zombie (Depths:5)
  24 demonic crawlers
  A wandering mushroom (Lab)
  53 yaktaurs
  A death yak skeleton (Crypt:3)
  12 deep elf priests
  2 blue devils
  4 tengu conjurers
  An efreet (D:13)
  3 anaconda simulacra
  Grinder (D:3)
  7 red devils
  4 hydra zombies
  A purple draconian skeleton (Depths:5)
  5 silent spectres
  6 komodo dragons
  9 trolls
  3 guardian mummies (Tomb:1)
  A merfolk (shapeshifter) (Vaults:5)
  A white draconian skeleton (Crypt:2)
  An iron troll skeleton (Crypt:2)
  9 freezing wraiths
  30 merfolk
  2 polar bears
  Sonja (Orc:2)
  A golden dragon simulacrum (IceCv)
  30 jumping spiders
  17 slime creatures
  2 trolls (shapeshifter)
  2 baby alligators (shapeshifter)
  A boulder beetle (shapeshifter) (Depths:4)
  A giant leech (Lair:8)
  3 bog bodies (Crypt:3)
  2 ravens (shapeshifter)
  7 boulder beetles
  An ice dragon zombie (Geh:1)
  11 snapping turtles
  3 hydra skeletons
  8 ravens
  A wind drake (Shoals:5)
  A jumping spider (shapeshifter) (Elf:1)
  22 blink frogs
  A frost giant simulacrum (Vaults:2)
  A griffon zombie (Vaults:4)
  A catoblepas skeleton (Tomb:1)
  2 centaur simulacra
  A basilisk (shapeshifter) (Elf:2)
  8 human zombies
  32 two-headed ogres
  A yak (shapeshifter) (Vaults:2)
  5 vampires
  A dire elephant simulacrum (IceCv)
  An ice dragon skeleton (Geh:1)
  5 basilisks
  An ettin skeleton (Vaults:4)
  A fire dragon skeleton (Hell)
  An alligator skeleton (Hell)
  31 trapdoor spiders
  41 flying skulls
  A redback (shapeshifter) (Vaults:5)
  31 yaks
  45 redbacks
  13 spriggans
  19 tarantellas
  21 deep elf magi
  A tarantella (shapeshifter) (Vaults:5)
  34 water elementals
  4 fire elementals
  A spriggan (shapeshifter) (Vaults:5)
  A ynoxinul (Depths:4)
  Eustachio (D:4)
  4 hungry ghosts
  24 wraiths
  A wyvern (D:11)
  20 humans
  11 hell beasts (Hell)
  19 ice beasts
  8 shadows
  Grum (D:9)
  A death yak simulacrum (IceCv)
  A black mamba skeleton (Geh:1)
  39 deep elf fighters
  A hog (D:7)
  20 hippogriffs
  2 hydra simulacra (IceCv)
  An iron troll simulacrum (IceCv)
  5 deep troll zombies
  5 wargs
  22 vampire mosquitoes
  14 water moccasins
  A spiny frog zombie (Hell)
  2 mottled dragons (Vaults:2)
  45 orc warriors
  2 soldier ants
  17 wolves
  A harpy simulacrum (IceCv)
  3 ogre skeletons
  3 hell hounds (Geh:1)
  35 spiders
  3 black bears
  5 sky beasts
  6 necrophages
  6 porcupines
  A red wasp simulacrum (Vaults:1)
  An ettin simulacrum (Hell)
  9 yellow wasps
  2 black bears (shapeshifter)
  76 ogres
  A swamp dragon zombie (Crypt:2)
  2 human simulacra
  2 phantoms
  9 boggarts
  29 centaurs
  5 lost souls
  A manticore zombie (D:14)
  An ice beast (shapeshifter) (Vaults:1)
  2 slaves (D:4)
  3 boring beetles (shapeshifter)
  17 crocodiles
  10 big kobolds
  A manticore skeleton (D:9)
  Sigmund (D:7)
  3 boring beetles
  A salamander zombie (Crypt:2)
  A brain worm (D:14)
  38 giant frogs
  An earth elemental (Lab)
  A cyclops zombie (D:14)
  A warg zombie (Crypt:2)
  A water moccasin skeleton (Crypt:3)
  A yak zombie (D:9)
  A spriggan zombie (Depths:2)
  2 eyes of draining
  2 killer bees (D:10)
  A cyclops skeleton (Crypt:3)
  8 scorpions
  An elf zombie (Hell)
  A swamp dragon simulacrum (IceCv)
  A troll skeleton (Crypt:3)
  35 wights
  A goliath beetle (D:7)
  7 jellies
  A quasit (D:12)
  A raiju skeleton (Crypt:1)
  8 electric eels
  3 draconian simulacra (IceCv)
  19 crimson imps
  2 giant frog skeletons
  2 iron imps
  A basilisk zombie (Crypt:3)
  9 hounds
  27 orc priests
  2 centaur skeletons (D:6)
  4 orange rats (Elf:2)
  12 worker ants
  23 orc wizards
  A porcupine skeleton (Crypt:1)
  A spriggan simulacrum (IceCv)
  9 iguanas
  18 sheep
  3 troll simulacra (IceCv)
  A wolf simulacrum (IceCv)
  A sky beast zombie (Crypt:3)
  A brain worm zombie (D:15)
  A demigod zombie (Crypt:3)
  Ijyb (D:4)
  A mottled dragon zombie (D:15)
  4 ogre zombies
  A crocodile skeleton (Crypt:1)
  A hound zombie (Crypt:3)
  8 mummies
  An orange rat skeleton (Crypt:2)
  4 ogre simulacra (IceCv)
  15 adders
  13 gnolls
  28 green rats
  A worm zombie (Crypt:3)
  6 orc skeletons
  3 shadow imps
  4 giant mites
  3 naga simulacra (IceCv)
  11 white imps
  2 orc simulacra (Orc:2)
  2 adder zombies
  An iguana skeleton (D:4)
  6 giant geckos
  2 oozes (D:1)
  142 orcs
  22 bats
  A bat zombie (Crypt:2)
  5 giant cockroaches
  20 hobgoblins
  4 jackals (D:1)
  20 kobolds
  11 quokkas
  A ball python (D:3)
  A ball python zombie (Crypt:1)
  6 giant newts
  A giant spore (D:10)
  17 goblins
  A goblin skeleton (D:4)
  A jackal skeleton (D:4)
  A kobold skeleton (D:6)
  4 orc zombies
  24 rats
  4 crawling corpses (Elf:3)
  2 fungi
  6 plants
2921 creatures vanquished.

Vanquished Creatures (collateral kills)
  A tentacled monstrosity (Vaults:5)
  A large abomination (Vaults:1)
  An ironheart preserver (Vaults:5)
  An orb spider (Spider:5)
  A red wasp (Spider:5)
  5 wolf spiders (Spider:5)
  2 small abominations (Vaults:1)
  Joseph (D:9)
  A centaur skeleton (D:15)
  3 jumping spiders
  3 redbacks (Spider:3)
  A tarantella (Spider:5)
  A deep elf fighter (Vaults:1)
  5 spiders
  A slave (D:4)
  An ogre (D:6)
  An orc warrior (D:8)
  A centaur (D:6)
  Blork the orc (D:4)
  2 crimson imps
  2 orc priests
  A goliath beetle (D:6)
  2 hounds
  2 orc wizards
  An iguana (D:6)
  An ogre zombie (D:4)
  6 gnolls
  An adder (D:6)
  A green rat (D:2)
  A giant mite (D:5)
  3 worms
  8 orcs
  2 bats (D:3)
  2 hobgoblins
  3 jackals (D:3)
  2 goblins
  4 kobolds
  5 rats
  A crawling corpse (Vaults:1)
82 creatures vanquished.

Vanquished Creatures (others)
  2 very ugly things
  A deep troll earth mage (Depths:3)
  2 ugly things
  2 wolf spiders (Spider:5)
  A two-headed ogre (Vaults:1)
  A merfolk (Shoals:4)
  An alligator zombie (Hell)
  A wraith (Geh:1)
  2 deep elf fighters
  A spider (Spider:3)
  An orc warrior (Vaults:4)
  An ogre (Depths:1)
  17 lost souls
  A wight (Geh:1)
  12 crimson imps
  An orc wizard (Vaults:5)
  An iron imp (Orc:4)
  6 shadow imps
  11 white imps
  5 ufetubi (IceCv)
  An orc (Orc:4)
  A ball python (D:4)
  A bat (D:4)
  A giant spore (D:10)
  A ballistomycete (D:10)
  4 fungi (Lair:8)
  28 plants
107 creatures vanquished.

Grand Total: 3110 creatures vanquished

Notes
Turn   | Place    | Note
--------------------------------------------------------------
     0 | D:1      | Huymann, the High Elf Wizard, began the quest for the Orb.
     0 | D:1      | Reached XP level 1. HP: 11/11 MP: 5/5
   253 | D:1      | Reached skill level 4 in Spellcasting
   297 | D:1      | Reached XP level 2. HP: 13/17 MP: 4/8
  1330 | D:2      | Reached XP level 3. HP: 11/21 MP: 2/11
  1403 | D:2      | Learned a level 2 spell: Blink
  1406 | D:2      | Learned a level 2 spell: Call Imp
  1410 | D:2      | Learned a level 3 spell: Mephitic Cloud
  1482 | D:2      | Found an iron altar of Okawaru.
  1522 | D:2      | Reached skill level 1 in Summonings
  1655 | D:2      | Reached XP level 4. HP: 24/27 MP: 6/14
  2809 | D:3      | Learned a level 3 spell: Conjure Flame
  2858 | D:3      | Reached XP level 5. HP: 25/31 MP: 11/17
  3007 | D:3      | Found a shadowy altar of Dithmenos.
  3041 | D:3      | Noticed Grinder
  3072 | D:3      | Killed Grinder
  3072 | D:3      | Reached skill level 5 in Spellcasting
  3072 | D:3      | Reached XP level 6. HP: 34/37 MP: 5/20
  3352 | D:3      | Found a shattered altar of Ashenzari.
  3409 | D:3      | Became a worshipper of Ashenzari the Shackled
  3706 | D:3      | Found a snail-covered altar of Cheibriados.
  4043 | D:4      | Noticed Pikel
  4062 | D:4      | Noticed Eustachio
  4178 | D:4      | Killed Eustachio
  4178 | D:4      | Reached skill level 1 in Fighting
  4178 | D:4      | Reached XP level 7. HP: 18/43 MP: 11/22
  4392 | D:4      | Noticed Ijyb
  4430 | D:4      | Killed Ijyb
  4696 | D:4      | Killed Pikel
  4696 | D:4      | Reached skill level 1 in Short Blades
  4696 | D:4      | Reached skill level 5 in Stealth
  4696 | D:4      | Reached skill level 6 in Spellcasting
  4696 | D:4      | Reached skill level 1 in Air Magic
  4696 | D:4      | Reached XP level 8. HP: 35/48 MP: 16/24
  4880 | D:4      | Found a staircase to the Ecumenical Temple.
  4981 | D:4      | Found a basalt altar of Yredelemnul.
  4981 | D:4      | Noticed Blork the orc
  4982 | D:4      | Found a blossoming altar of Fedhas.
  5084 | D:4      | Killed Blork the orc
  5212 | D:5      | Entered Level 5 of the Dungeon
  5212 | D:5      | Found Frualule's Distillery.
  5216 | D:5      | Bought a potion of curing for 22 gold pieces
  5322 | D:5      | Reached skill level 5 in Conjurations
  5509 | D:5      | Found a glowing drain.
  5897 | D:5      | Found a sparkling altar of Nemelex Xobeh.
  6181 | D:6      | Found a bloodstained altar of Trog.
  6190 | D:6      | Found a staircase to the Ecumenical Temple.
  6234 | D:6      | Reached skill level 5 in Dodging
  6234 | D:6      | Reached skill level 7 in Spellcasting
  6445 | D:6      | Reached skill level 1 in Poison Magic
  6857 | D:6      | Reached XP level 9. HP: 49/54 MP: 14/27
  6949 | D:6      | Identified the ring "Xuh Osull" {rF+ AC+5 Dex+3 Slay+4}
  7358 | D:7      | Noticed Sigmund
  7364 | D:7      | Killed Sigmund
  7364 | D:7      | Reached skill level 1 in Fire Magic
  7524 | D:7      | Acquired Ashenzari's first power
  8004 | D:7      | Reached skill level 8 in Spellcasting
  8184 | D:7      | Learned a level 2 spell: Repel Missiles
  8546 | D:8      | Reached XP level 10. HP: 62/62 MP: 25/29
  8637 | D:8      | Found Mumish's Armour Shoppe.
  8856 | D:8      | Bought a +1 pair of gloves of dexterity for 165 gold pieces
  8856 | D:8      | Bought a +0 buckler for 45 gold pieces
  8902 | D:8      | Noticed Erolcha
  8913 | D:8      | Killed Erolcha
  8913 | D:8      | Reached skill level 9 in Stealth
  9351 | D:9      | Noticed Joseph
  9374 | D:9      | Killed Joseph
  9374 | D:9      | Reached skill level 1 in Shields
  9430 | D:9      | Found a staircase to the Lair.
  9761 | D:9      | Noticed Grum
  9936 | D:9      | Killed Grum
  9936 | D:9      | Reached skill level 10 in Stealth
  9994 | D:9      | Acquired Ashenzari's second power
 10105 | D:10     | Entered Level 10 of the Dungeon
 10386 | D:10     | Noticed an unseen horror
 10395 | D:10     | Killed an unseen horror
 10395 | D:10     | Reached XP level 11. HP: 59/70 MP: 26/30
 10484 | D:10     | Noticed Nergalle
 10502 | D:10     | Killed Nergalle
 10627 | Lair:1   | Entered Level 1 of the Lair of Beasts
 10635 | Lair:1   | Reached skill level 5 in Short Blades
 10894 | Lair:1   | Reached skill level 11 in Stealth
 11123 | Lair:1   | Acquired Ashenzari's third power
 11266 | Lair:2   | Reached skill level 5 in Fighting
 11277 | Lair:2   | Found a labyrinth entrance.
 11305 | Lab      | Entered a labyrinth
 11855 | Lab      | Noticed a minotaur
 11876 | Lab      | Killed a minotaur
 11979 | Lair:2   | Noticed a four-headed hydra
 11988 | Lair:2   | Killed a four-headed hydra
 11988 | Lair:2   | Reached skill level 1 in Throwing
 12760 | Lair:3   | Reached skill level 12 in Stealth
 13002 | Lair:3   | Reached XP level 12. HP: 77/77 MP: 31/31
 13806 | Lair:4   | Acquired Ashenzari's fourth power
 13903 | Lair:4   | Found a hole to the Spider Nest.
 13993 | Lair:4   | Learned a level 2 spell: Slow
 14674 | Lair:5   | Reached skill level 13 in Stealth
 14750 | Lair:5   | Found a staircase to the Shoals.
 15714 | Lair:6   | Identified the +4 dire flail of the Unkillable {freeze, +Rage +Inv rC+ SInv}
 15861 | Lair:6   | Reached skill level 5 in Shields
 16480 | Lair:7   | Reached XP level 13. HP: 75/85 MP: 31/32
 16587 | Lair:7   | Found a viscous altar of Jiyva.
 16588 | Lair:7   | Found a staircase to the Slime Pits.
 16654 | Lair:7   | Reached skill level 14 in Stealth
 17344 | D:10     | Noticed a hill giant
 17347 | D:10     | Killed a hill giant
 17381 | D:10     | Noticed Harold
 17408 | D:10     | Killed Harold
 17492 | D:10     | Identified the Handbook of Nocuous Arcane Weapons (You found it on level 10 of the Dungeon)
 17495 | D:10     | Learned a level 1 spell: Flame Tongue
 17500 | D:10     | Learned a level 4 spell: Sticky Flame
 17506 | D:10     | Learned a level 5 spell: Venom Bolt
 17601 | D:10     | Noticed a cyan ugly thing
 17604 | D:10     | Killed a cyan ugly thing
 17618 | D:10     | Reached skill level 10 in Spellcasting
 17701 | D:10     | Learned a level 3 spell: Inner Flame
 17795 | D:10     | Noticed Urug
 17800 | D:10     | Killed Urug
 17814 | D:10     | Noticed Psyche
 17817 | D:10     | Killed Psyche
 18255 | D:11     | Found a bloodstained altar of Trog.
 18255 | D:11     | Noticed Heini's ghost (powerful MiFi)
 18483 | D:11     | Noticed ImaNewbie's ghost (powerful DrVM)
 18538 | D:11     | Killed ImaNewbie's ghost
 18538 | D:11     | Reached skill level 1 in Evocations
 18721 | D:11     | Reached skill level 1 in Armour
 18741 | D:11     | Found a staircase to the Orcish Mines.
 19187 | D:12     | Found Zaafa's Antique Weapon Boutique.
 19243 | D:12     | Found Klyxiyps' Weapon Shoppe.
 19641 | D:12     | Found Graukaim's Weapon Boutique.
 19665 | D:12     | Found Ranlar's Assorted Antiques.
 20060 | D:12     | Found Ynipin's Weapon Shoppe.
 20231 | D:13     | Reached skill level 10 in Conjurations
 20937 | D:13     | Reached XP level 14. HP: 93/93 MP: 34/34
 20979 | D:13     | Reached skill level 15 in Stealth
 20988 | D:13     | Noticed Erica
 20993 | D:13     | Killed Erica
 22537 | D:14     | Found a gate to the Vaults.
 23124 | D:12     | Bought the +4 dagger "Morg" {pain, MR+ Int+5} for 1154 gold pieces
 23314 | D:15     | Entered Level 15 of the Dungeon
 23439 | D:15     | Found a staircase to the Depths.
 24026 | D:15     | Reached skill level 16 in Stealth
 24242 | D:15     | Identified a +2 rod of destruction (9/9)
 24721 | D:15     | Reached XP level 15. HP: 100/100 MP: 31/36
 25811 | Orc:1    | Entered Level 1 of the Orcish Mines
 26130 | Orc:1    | Learned a level 6 spell: Bolt of Cold
 26744 | Orc:2    | Noticed Josephine
 26752 | Orc:2    | Killed Josephine
 26810 | Orc:2    | Noticed Sonja
 26817 | Orc:2    | Killed Sonja
 27108 | Orc:2    | Found a shimmering altar of Xom.
 27362 | Orc:3    | Found Threkk Iczema's Magic Scroll Shop.
 27552 | Orc:3    | Found Nuodd's Book Shoppe.
 27630 | Orc:3    | Learned a level 2 spell: Cure Poison
 27907 | Orc:3    | Found a roughly hewn altar of Beogh.
 27912 | Orc:3    | Found Ofugh's Magic Scroll Boutique.
 27978 | Orc:3    | Found Twuacan's Food Shop.
 28131 | Orc:4    | Entered Level 4 of the Orcish Mines
 28131 | Orc:4    | Found Domoydd's Jewellery Boutique.
 28345 | Orc:4    | Found a staircase to the Elven Halls.
 28788 | Orc:4    | Found Xearhuen's Book Shop.
 28792 | Orc:4    | Found Gakour's Magic Scroll Shoppe.
 28795 | Orc:4    | Found Pimmey's Food Shop.
 28797 | Orc:4    | Found Daehafem's Gadget Shoppe.
 28911 | Elf:1    | Entered Level 1 of the Elven Halls
 28975 | Elf:1    | Reached skill level 1 in Ice Magic
 29485 | Elf:1    | Reached skill level 5 in Air Magic
 29777 | Elf:1    | Reached skill level 10 in Short Blades
 30159 | Elf:2    | Found Etoqaf Xotua's Assorted Antiques.
 30170 | Elf:2    | Bought a scroll of remove curse for 93 gold pieces
 30185 | Elf:2    | Found a frozen archway.
 30352 | IceCv    | Entered an ice cave
 31924 | Elf:2    | Reached skill level 17 in Stealth
 32022 | Elf:2    | Found Riuwn's Book Boutique.
 32375 | Elf:2    | Found Mikag's Assorted Antiques.
 32415 | Elf:2    | Bought a scroll of remove curse for 114 gold pieces
 32427 | Elf:2    | Bought a scroll labeled ZEOMIQ REAV for 38 gold pieces
 32429 | Elf:2    | Identified a cursed +0 pair of boots of running (You acquired it on level 2 of the Elven Halls)
 33631 | Lair:7   | Reached XP level 16. HP: 88/108 MP: 6/37
 34016 | Lair:7   | Reached skill level 5 in Armour
 34186 | Lair:8   | Entered Level 8 of the Lair of Beasts
 34571 | Lair:8   | Learned a level 3 spell: Flight
 35638 | Lair:8   | Reached skill level 1 in Charms
 36941 | Shoals:1 | Entered Level 1 of the Shoals
 36941 | Shoals:1 | Noticed Agnes
 36948 | Shoals:1 | Killed Agnes
 37187 | Shoals:1 | Found Hodeyfet's Antique Weapon Shoppe.
 37367 | Shoals:1 | Noticed Asterion
 37459 | Shoals:1 | Noticed a spectral weapon
 37476 | Shoals:2 | Identified a +3 rod of striking (10/10)
 38183 | Shoals:2 | Noticed Jorgrun
 38669 | Spider:1 | Entered Level 1 of the Spider Nest
 40003 | Spider:2 | Identified the cursed -1 leather armour of the Trees {Str+3 Int+1}
 40608 | Spider:2 | Reached skill level 10 in Fighting
 40756 | Spider:2 | Reached XP level 17. HP: 59/115 MP: 24/38
 41786 | Spider:2 | Identified the +2 scale mail of Negligence {rPois}
 41802 | Spider:2 | Reached skill level 10 in Dodging
 41949 | Spider:3 | Reached skill level 5 in Evocations
 42761 | Spider:3 | Reached skill level 18 in Stealth
 44973 | Spider:5 | Entered Level 5 of the Spider Nest
 45068 | Spider:5 | Reached skill level 5 in Ice Magic
 47128 | Spider:5 | Got a gossamer rune of Zot
 47651 | Spider:2 | Reached skill level 5 in Charms
 47977 | Vaults:1 | Entered Level 1 of the Vaults
 48422 | Vaults:1 | Reached XP level 18. HP: 118/122 MP: 38/39
 53609 | Vaults:2 | Reached XP level 19. HP: 88/127 MP: 29/40
 53875 | Vaults:2 | Found a staircase to the Crypt.
 55043 | Vaults:3 | Reached skill level 10 in Shields
 55363 | Vaults:3 | Reached skill level 1 in Hexes
 55676 | Vaults:3 | Reached skill level 19 in Stealth
 55864 | Vaults:3 | Identified the ring of Scepticism {Ice Str+2 Dex-3}
 55895 | Vaults:3 | Reached skill level 10 in Armour
 57837 | Vaults:4 | Reached skill level 5 in Fire Magic
 58255 | Vaults:4 | Learned a level 6 spell: Freezing Cloud
 60369 | Vaults:4 | Reached XP level 20. HP: 126/135 MP: 36/41
 61227 | Vaults:5 | Entered Level 5 of the Vaults
 62459 | Elf:2    | Found Pyurphob's Antique Weapon Shoppe.
 62562 | Elf:3    | Entered Level 3 of the Elven Halls
 62908 | Elf:3    | Reached skill level 15 in Spellcasting
 63549 | Elf:3    | Identified the +2 morningstar of Nightmares {antimagic, Dex+3 Int+1} (You took it off a deep elf fighter on level 3 of the Elven Halls)
 63643 | Elf:3    | Identified the cursed ring of Amant {rElec MR+ Dex-3} (You took it off a deep elf summoner on level 3 of the Elven Halls)
 63697 | Elf:3    | Identified the +2 ring mail of the Illusory Suns {+Fly rN+ Curse} (You took it off a deep elf high priest on level 3 of the Elven Halls)
 63995 | Elf:3    | Identified a +7 rod of inaccuracy (13/13) (You took it off a deep elf death mage on level 3 of the Elven Halls)
 64305 | Elf:3    | Identified Voeduint's Collected Works on Noxious Moulding (You found it on level 3 of the Elven Halls)
 64353 | Elf:3    | Identified the Catalogue of Displaced Moulding (You found it on level 3 of the Elven Halls)
 64374 | Elf:3    | Learned a level 4 spell: Control Teleport
 64475 | Elf:3    | Identified the ring of Schiu {rF+ rN+ Str+2 Dex+3} (You took it off a deep elf demonologist on level 3 of the Elven Halls)
 64609 | Elf:3    | Identified the Disquisition on Confrontation and Cold (You found it on level 3 of the Elven Halls)
 65410 | Depths:1 | Entered Level 1 of the Depths
 65414 | Depths:1 | Found a gateway to Hell.
 65780 | Depths:1 | Found a gateway to a bazaar.
 65854 | Bazaar   | Entered a bazaar
 65854 | Bazaar   | Found Phuplakatu's Distillery.
 65854 | Bazaar   | Found Phineh's Book Shop.
 65896 | Bazaar   | Found Hech's Gadget Emporium.
 65910 | Bazaar   | Found Caapiqesm's Armour Shoppe.
 65988 | Bazaar   | Found Dono's Food Shop.
 65998 | Bazaar   | Bought a beef jerky for 12 gold pieces
 65998 | Bazaar   | Bought a beef jerky for 12 gold pieces
 65998 | Bazaar   | Bought a beef jerky for 12 gold pieces
 65998 | Bazaar   | Bought a beef jerky for 12 gold pieces
 65998 | Bazaar   | Bought a bread ration for 40 gold pieces
 65998 | Bazaar   | Bought a bread ration for 40 gold pieces
 65998 | Bazaar   | Bought a bread ration for 40 gold pieces
 65998 | Bazaar   | Bought a meat ration for 40 gold pieces
 65998 | Bazaar   | Bought a bread ration for 40 gold pieces
 65998 | Bazaar   | Bought a meat ration for 40 gold pieces
 65998 | Bazaar   | Bought a slice of pizza for 12 gold pieces
 65998 | Bazaar   | Bought a royal jelly for 16 gold pieces
 66070 | Bazaar   | Bought a +2 pearl dragon armour for 1409 gold pieces
 66098 | Bazaar   | Bought Further Progress in Witchery for 865 gold pieces
 66098 | Bazaar   | Bought a book of Death for 910 gold pieces
 66125 | Bazaar   | Bought a +2 helmet of intelligence for 279 gold pieces
 66160 | Bazaar   | Bought a potion of curing for 32 gold pieces
 66160 | Bazaar   | Bought a potion of curing for 32 gold pieces
 66214 | Depths:1 | Found Arirunku's Gadget Shop.
 66676 | Depths:1 | Found Neher's Antique Weapon Boutique.
 66712 | Depths:1 | Found Prail's Distillery.
 66775 | Depths:1 | Bought a potion of magic for 93 gold pieces
 66775 | Depths:1 | Bought a potion of curing for 34 gold pieces
 67077 | Depths:2 | Found Teaf's Assorted Antiques.
 67179 | Depths:2 | Reached skill level 5 in Hexes
 67452 | Depths:2 | Reached XP level 21. HP: 130/143 MP: 24/42
 67901 | Depths:2 | Reached skill level 10 in Evocations
 68910 | Depths:2 | Identified the +6 broad axe of Suicidal Tendencies {speed, +Blink}
 69073 | Depths:3 | Found Klew Ase's Gadget Shop.
 69742 | Shoals:1 | Killed Asterion
 69871 | Shoals:1 | Found Couloor's Jewellery Emporium.
 70185 | Shoals:2 | Killed Jorgrun
 70562 | Shoals:3 | Noticed Snorg
 70573 | Shoals:3 | Killed Snorg
 70856 | Shoals:3 | Found Jaell's Weapon Shoppe.
 71616 | Shoals:5 | Entered Level 5 of the Shoals
 71659 | Shoals:5 | Reached skill level 20 in Stealth
 71664 | Shoals:5 | Got a barnacled rune of Zot
 71818 | Shoals:5 | Noticed Frances
 71834 | Shoals:5 | Killed Frances
 71910 | Shoals:5 | Noticed Ilsuiw
 71931 | Shoals:5 | Reached skill level 5 in Translocations
 71957 | Shoals:5 | Killed Ilsuiw
 72068 | Shoals:5 | Noticed Saint Roka
 72193 | Shoals:5 | Killed Saint Roka
 73095 | Shoals:5 | Identified the +10 great sword of Integrity {freeze, rPois MR+ Int+2}
 75221 | Depths:3 | Found a one-way gate leading to the halls of Pandemonium.
 75227 | Depths:3 | Found Thriank Twesm's Assorted Antiques.
 75242 | Depths:3 | Reached XP level 22. HP: 137/145 MP: 28/43
 75666 | Depths:3 | Found a portal to a secret trove of treasure.
 77681 | Depths:3 | Reached skill level 5 in Poison Magic
 77888 | Depths:4 | Found a gateway to a ziggurat.
 77894 | Depths:4 | Found a one-way gate to the infinite horrors of the Abyss.
 79567 | Depths:4 | Gained mutation: You are weak. (Str -2) [a shining eye]
 79603 | Depths:4 | Lost mutation: You are weak. (Str -2) [potion of cure mutation]
 79631 | Depths:4 | Identified the +9 plate armour "Ponon" {+Rage Slay-5}
 80144 | Depths:4 | Identified the cursed +2 battleaxe "Mnolo" {venom, Str+3}
 80223 | Depths:4 | Reached skill level 15 in Conjurations
 80822 | Depths:5 | Entered Level 5 of the Depths
 81458 | Depths:5 | Reached XP level 23. HP: 123/152 MP: 28/44
 81900 | Depths:5 | Identified the cursed -3 large shield of Aheaph {+Rage rElec rPois}
 82610 | Depths:5 | Found a gate to the Realm of Zot.
 83788 | Vaults:5 | Learned a level 5 spell: Dispel Undead
 83864 | Vaults:5 | Noticed a golden dragon
 83919 | Vaults:5 | Killed a golden dragon
 84214 | Vaults:5 | Identified a +3 rod of clouds (9/9) (You took it off a frost giant on level 5 of the Vaults)
 84736 | Vaults:5 | Identified the ring "Judghew" {Str+3 Dex+5} (You took it off a vault guard on level 5 of the Vaults)
 84843 | Vaults:5 | Identified the +0 broad axe of the Countless Runes {freeze, Dex+4 Int+4} (You took it off an ogre mage on level 5 of the Vaults)
 84872 | Vaults:5 | Reached skill level 1 in Necromancy
 85055 | Vaults:5 | Identified the +3 spear "Jellybane" {pain, Contam rF++ rN+ SInv}
 85078 | Vaults:5 | Reached skill level 21 in Stealth
 85470 | Vaults:5 | Identified the cursed -2 helmet of Trog's Generosity {rPois rF+ rC++ MR+} (You acquired it on level 5 of the Vaults)
 85506 | Vaults:5 | Identified the ring of the Median {Str+2 Int+1}
 86080 | Vaults:5 | Got a silver rune of Zot
 86247 | Vaults:5 | Identified the cursed -1 hunting sling of Crossomn {freeze, rF- rN+ MR+ Int+3 Stlth+} (You took it off a vault guard on level 5 of the Vaults)
 86638 | Vaults:5 | Identified the cursed ring of Gaus {rElec MR+ Int-3 Slay+3 Stlth+} (You took it off a yaktaur captain on level 5 of the Vaults)
 86796 | Vaults:5 | Noticed Mara
 86801 | Vaults:5 | Noticed Huymann's illusion
 86843 | Vaults:5 | Killed Mara
 86869 | Vaults:5 | Reached skill level 15 in Short Blades
 87334 | Vaults:5 | Identified the +3 broad axe "Scheirr" {speed, rC+ rN+}
 87386 | Vaults:5 | Identified the Collected Works on Warped Hexes (You found it on level 5 of the Vaults)
 87592 | Vaults:5 | Reached XP level 24. HP: 154/157 MP: 44/44
 87737 | Vaults:5 | Identified the +1 chain mail of Xom's Favour {MR+}
 87738 | Vaults:5 | Identified the +1 blowgun of Ucarul {speed, rF+}
 88227 | Vaults:5 | Identified the Reference Book on Floating Creation (You found it on level 5 of the Vaults)
 88230 | Vaults:5 | Identified the Grimoire of Helpful Beguiling (You found it on level 5 of the Vaults)
 88284 | Vaults:5 | Noticed a golden dragon
 88285 | Vaults:5 | Noticed a golden dragon
 88308 | Vaults:5 | Killed a golden dragon
 88630 | Vaults:5 | Killed a golden dragon
 88906 | Crypt:1  | Entered Level 1 of the Crypt
 90798 | Crypt:2  | Noticed Boris
 90803 | Crypt:2  | Killed Boris
 91796 | Crypt:2  | Found a basalt altar of Yredelemnul.
 92671 | Crypt:3  | Entered Level 3 of the Crypt
 92673 | Crypt:3  | Identified the +0 leather armour of Protective Custody {Str+3 Dex-2}
 93066 | Crypt:3  | Found a staircase to the Tomb.
 93405 | Crypt:3  | Noticed Wiglaf
 93430 | Crypt:3  | Killed Wiglaf
 93431 | Crypt:3  | Reached skill level 5 in Necromancy
 93462 | Crypt:3  | Found a basalt altar of Yredelemnul.
 93694 | Crypt:3  | Reached XP level 25. HP: 161/161 MP: 32/46
 94243 | Crypt:3  | Found a basalt altar of Yredelemnul.
 94637 | Crypt:3  | Reached skill level 15 in Dodging
 95596 | Crypt:3  | Noticed an ancient lich
 95610 | Crypt:3  | Killed an ancient lich
 95844 | Crypt:3  | Identified Smuphujo's Guide on Black Arts
 96453 | Tomb:1   | Entered Level 1 of the Tomb of the Ancients
 97075 | Hell     | Entered the Vestibule of Hell
 97075 | Hell     | Noticed Geryon
 97129 | Hell     | Killed Geryon
 97499 | Hell     | Found a gateway to the ashen valley of Gehenna.
 97619 | Hell     | Found a gateway to the freezing wastes of Cocytus.
 97841 | Hell     | Found a gateway to the decaying netherworld of Tartarus.
 98103 | Hell     | Found a gateway to the Iron City of Dis.
 98250 | Geh:1    | Entered Level 1 of Gehenna
 99258 | Depths:2 | Learned a level 5 spell: Fireball
100594 | Dis:1    | Entered Level 1 of the Iron City of Dis
100597 | Dis:1    | Reached XP level 26. HP: 174/174 MP: 46/46
101646 | Orc:3    | Bought a bread ration for 50 gold pieces
101646 | Orc:3    | Bought a meat ration for 50 gold pieces
101646 | Orc:3    | Bought a meat ration for 50 gold pieces
101646 | Orc:3    | Bought a bread ration for 50 gold pieces
101646 | Orc:3    | Bought a bread ration for 50 gold pieces
101646 | Orc:3    | Bought a meat ration for 50 gold pieces
101646 | Orc:3    | Bought a meat ration for 50 gold pieces
102262 | D:11     | Found Omaafavi's Jewellery Emporium.
102619 | Crypt:3  | Reached skill level 22 in Stealth
103091 | Tomb:1   | HP: 4/174 [sphinx/divine providence (15)]
103099 | Tomb:1   | Killed from afar by a sphinx

Action                   |  1- 3 |  4- 6 |  7- 9 | 10-12 | 13-15 | 16-18 | 19-21 | 22-24 | 25-27 || total
-------------------------+-------+-------+-------+-------+-------+-------+-------+-------+-------++-------
Melee: Dagger            |    17 |   187 |   342 |   587 |  1442 |  2169 |  1772 |  2539 |  1541 || 10596
Throw: Javelin           |       |       |       |     9 |       |       |       |       |       ||     9
 Cast: Magic Dart        |    62 |    33 |    76 |    38 |    23 |    32 |    18 |     7 |       ||   289
       Call Imp          |     5 |    17 |    30 |    14 |    17 |     5 |     7 |     7 |       ||   102
       Mephitic Cloud    |     1 |     7 |    45 |    57 |   159 |   217 |   211 |   132 |       ||   829
       Blink             |       |     3 |    11 |     1 |    22 |    10 |    17 |     7 |     3 ||    74
       Conjure Flame     |       |     2 |    15 |    12 |    80 |    62 |    78 |    75 |    18 ||   342
       Flame Tongue      |       |       |       |       |   176 |    56 |    25 |    82 |     7 ||   346
       Inner Flame       |       |       |       |       |    11 |     8 |    34 |    17 |    64 ||   134
       Venom Bolt        |       |       |       |       |     6 |    10 |    43 |    15 |     1 ||    75
       Sticky Flame      |       |       |       |       |    34 |   149 |   107 |   138 |    50 ||   478
       Repel Missiles    |       |       |       |       |     1 |     2 |     6 |     2 |       ||    11
       Slow              |       |       |       |       |     3 |     1 |     4 |     3 |     1 ||    12
       Bolt of Cold      |       |       |       |       |       |    41 |    74 |    71 |     4 ||   190
       Flight            |       |       |       |       |       |     4 |     5 |     2 |     1 ||    12
       Freezing Cloud    |       |       |       |       |       |       |    33 |    17 |    28 ||    78
       Control Teleport  |       |       |       |       |       |       |     3 |       |       ||     3
       Cure Poison       |       |       |       |       |       |       |       |     2 |       ||     2
       Dispel Undead     |       |       |       |       |       |       |       |   132 |   113 ||   245
       Fireball          |       |       |       |       |       |       |       |       |     2 ||     2
 Abil: Evoke Flight      |       |       |       |       |       |       |     7 |       |       ||     7
Evoke: Wand              |       |     2 |     4 |    17 |    32 |    15 |    10 |    12 |       ||    92
  Use: Scroll            |       |    20 |    18 |    14 |    20 |    18 |    11 |     7 |     3 ||   111
       Potion            |       |     1 |       |     2 |     9 |     9 |     9 |    11 |     9 ||    50
 Stab: Confused          |     1 |     2 |    22 |    65 |   158 |   201 |   160 |    97 |       ||   706
       Sleeping          |       |     5 |    10 |    50 |    77 |    61 |    45 |    49 |    18 ||   315
       Distracted        |       |       |     2 |     3 |    11 |     5 |     9 |     9 |    13 ||    52
       Invisible         |       |       |       |       |     4 |       |       |       |       ||     4
  Eat: Chunk             |     2 |     9 |    15 |    18 |    42 |    49 |    53 |    33 |    10 ||   231
       Pizza             |       |       |       |     2 |     2 |     5 |     2 |     7 |       ||    18
       Royal jelly       |       |       |       |     1 |       |     4 |     1 |       |       ||     6
       Fruit             |       |       |       |       |     5 |     3 |     3 |       |     2 ||    13
       Beef jerky        |       |       |       |       |     5 |     3 |     9 |     4 |       ||    21
       Bread ration      |       |       |       |       |       |       |       |     1 |     5 ||     6
